 Dungeon Crawl Stone Soup version 0.17-a0-1262-gd250d98 (webtiles) character file.

133 Xvorost the Shield-Bearer (level 5, -2/34 HPs)
             Began as a Gargoyle Fighter on June 6, 2015.
             Slain by Bull's ghost (7 damage)
             ... on level 3 of the Dungeon.
             The game lasted 00:06:33 (1945 turns).

Xvorost the Shield-Bearer (Gargoyle Fighter)        Turns: 1945, Time: 00:06:33

Health: -2/34      AC: 11    Str: 20    XL:     5   Next: 16%
Magic:  5/5        EV:  7    Int:  8    God:
Gold:   94         SH:  9    Dex: 10    Spells: 0 memorised, 4 levels left

rFire  . . .     SeeInvis .     a - +0 flail
rCold  . . .     Clarity  .     b - +0 scale mail
rNeg   + . .     SustAt   .     c - +0 shield
rPois  ∞         Gourm    .     (no helmet)
rElec  +         Spirit   .     (no cloak)
rCorr  .         Warding  .     (no gloves)
rMut   .         Stasis   .     (no boots)
MR     .....                    p - amulet of faith {Faith, !P}
Stlth  ..........               (no ring)
                                (no ring)

@: not resistant to hostile enchantments, extremely unstealthy
A: negative energy resistance 1, electricity resistance, unbreathing,
petrification resistance, rot immunity, AC +4
a: no special abilities


You were on level 3 of the Dungeon.
You were not hungry.

You visited 1 branch of the dungeon, and saw 3 of its levels.

You collected 94 gold pieces.

Inventory:

Hand weapons
 a - a +0 flail (weapon)
Armour
 b - a +0 scale mail (worn)
 c - a +0 shield (worn)
Jewellery
 h - an uncursed amulet of resist mutation {rMut, !d}
   (You found it on level 1 of the Dungeon)
 p - an amulet of faith (around neck) {Faith, !P}
   (You found it on level 2 of the Dungeon)
Magical devices
 q - a wand of fireball (11)
   (You found it on level 2 of the Dungeon)
Scrolls
 f - 3 scrolls of remove curse {unknown}
 i - a scroll of teleportation {unknown}
 j - a scroll of fear {unknown}
 k - 4 scrolls of identify {unknown}
 m - a scroll of immolation {unknown}
 n - a scroll of fog {unknown}
 s - a scroll of amnesia {unknown}
Potions
 d - 2 potions of might
 g - 2 potions of curing {unknown}
 l - 2 potions of agility {unknown}
 o - a potion of heal wounds {unknown}
 r - a potion of mutation {unknown}
Comestibles
 e - a bread ration {@e1}
 t - 4 chunks of flesh {@w0}


   Skills:
 + Level 4.3 Fighting
 + Level 3.0 Maces & Flails
 + Level 4.0 Armour
 + Level 0.0 Dodging
 + Level 4.3 Shields


You had 4 spell levels left.
You didn't know any spells.

Dungeon Overview and Level Annotations

Branches:
Dungeon (3/15)

Altars:
Ashenzari

Annotations:
D:3 Bull's ghost, average MiFi


Innate Abilities, Weirdness & Mutations

You are resistant to torment.
Your stone body is resilient (AC +4).
You are immune to poison.
You resist negative energy.
You are resistant to electric shocks.
You can survive without breathing.
You are immune to petrification.
You are immune to rotting.


Message History

You barely miss the orc. The orc hits you but does no damage.
You barely miss the orc. The orc hits you with a club.
You take 1 damage, and have 32/33 hp.
You sock the orc!
You kill the orc!
No target in view!
No target in view!
Things that are here:
a club; a ring mail; an orc corpse You butcher the orc corpse.
t - 8 chunks of flesh {@w0} (gained 4)
Things that are here:
a club; a ring mail; an orc skeleton You open the door.
There is an open door here.
You now have 72 gold pieces (gained 3).
You now have 80 gold pieces (gained 8).
You open the door.
There is an open door here.
Some of the chunks of flesh in your inventory have rotted away.
You now have 94 gold pieces (gained 14).
You open the door.
A worm comes into view.
There is an open door here.
Health restored: 34 The worm bites you.
Some of the chunks of flesh in your inventory have rotted away.
You take 1 damage, and have 33/34 hp.
You sock the worm! You block the worm's attack.
You barely miss the worm.
Your shield and scale mail prevent you from hitting the worm.
You block the worm's attack.
You barely miss the worm. The worm bites you but does no damage.
You hit the worm. You block the worm's attack.
You thump the worm! You block the worm's attack.
Bull's ghost (average Minotaur Fighter) comes into view.
Bull's ghost turns its malevolent gaze towards you.
You hit the worm but do no damage.
Bull's ghost moves out of view.
Health restored: 34 You hit the worm.
You kill the worm!
You see here a worm corpse.
You butcher the worm corpse.
You see here 2 chunks of flesh {@w0}.
Bull's ghost whispers, "The ORB doesn't exist."
You see here 2 chunks of flesh {@w0}.
You closely miss Bull's ghost. You block Bull's ghost's attack.
You barely miss Bull's ghost. You block Bull's ghost's attack.
You block Bull's ghost's attack.
You hit Bull's ghost but do no damage. Bull's ghost hits you!
You take 7 damage, and have 27/34 hp.
MASSIVE DAMAGE!!
You barely miss Bull's ghost.
Bull's ghost hits you but does no damage.
You barely miss Bull's ghost. Bull's ghost hits you. Bull's ghost hits you.
You take 8 damage, and have 19/34 hp.
MASSIVE DAMAGE!!
You barely miss Bull's ghost. Bull's ghost hits you.
You take 4 damage, and have 15/34 hp.
You hit Bull's ghost. Bull's ghost barely misses you.
You hit Bull's ghost. You block Bull's ghost's attack.
Bull's ghost hits you but does no damage.
You hit Bull's ghost.
Bull's ghost hits you but does no damage.
You closely miss Bull's ghost. Bull's ghost barely misses you.
Unknown command.
You hit Bull's ghost but do no damage. Bull's ghost barely misses you.
Bull's ghost says, "I am made of steel!"
You block Bull's ghost's attack.
You completely miss Bull's ghost. Bull's ghost barely misses you.
You hit Bull's ghost.
Bull's ghost hits you but does no damage.
Some of the chunks of flesh in your inventory have rotted away.
You hit Bull's ghost. You block Bull's ghost's attack.
Bull's ghost hits you but does no damage.
You barely miss Bull's ghost.
Bull's ghost hits you but does no damage.
You hit Bull's ghost. Bull's ghost closely misses you.
You closely miss Bull's ghost.
Bull's ghost hits you but does no damage.
You closely miss Bull's ghost. Bull's ghost hits you.
Bull's ghost hits you but does no damage.
You take 5 damage, and have 12/34 hp.
Your shield prevents you from hitting Bull's ghost.
Bull's ghost hits you.
* * * LOW HITPOINT WARNING * * *
You take 4 damage, and have 8/34 hp.
You thump Bull's ghost! You block Bull's ghost's attack.
You barely miss Bull's ghost. Bull's ghost hits you.
* * * LOW HITPOINT WARNING * * *
Bull's ghost hits you but does no damage.
You take 1 damage, and have 7/34 hp.
You hit Bull's ghost. Bull's ghost hits you.
* * * LOW HITPOINT WARNING * * *
You take 3 damage, and have 4/34 hp.
You hit Bull's ghost. You block Bull's ghost's attack.
You completely miss Bull's ghost.
Bull's ghost hits you but does no damage.
Bull's ghost hits you!
You die...

.#.....# .#.....# ..
.#.....# ... .'.....#
##### ######...
##.....###...# #........
##...........###........
.+.............'........
##.........#####.W......
.#..#......# #@.......
.#.........# #........
...................#####
.#.................#
.##................#
...................#
.##.....#######....^
....##### .....#. .#..#
##...#..


You could see Bull's ghost.

Vanquished Creatures
  Natasha (twice) (D:2)
  4 adders
  An ooze (D:2)
  2 worms
  3 giant geckos (D:1)
  An orc (D:3)
  5 bats
  3 giant cockroaches
  6 hobgoblins
  A quokka (D:2)
  3 ball pythons
  4 giant newts
  6 goblins
  6 jackals (D:1)
  3 kobolds
  A rat (D:1)
51 creatures vanquished.

Notes
Turn   | Place    | Note
--------------------------------------------------------------
     0 | D:1      | Xvorost the Gargoyle Fighter began the quest for the Orb.
     0 | D:1      | Reached XP level 1. HP: 14/14 MP: 1/1
   236 | D:1      | Reached XP level 2. HP: 19/19 MP: 2/2
   672 | D:1      | Reached XP level 3. HP: 20/23 MP: 3/3
   798 | D:1      | Found a shattered altar of Ashenzari.
  1267 | D:2      | Noticed Natasha
  1279 | D:2      | Killed Natasha
  1279 | D:2      | Reached skill level 4 in Fighting
  1279 | D:2      | Reached XP level 4. HP: 27/29 MP: 4/4
  1361 | D:2      | Noticed Natasha
  1374 | D:2      | Killed Natasha
  1374 | D:2      | Reached skill level 4 in Shields
  1438 | D:2      | Reached skill level 3 in Maces & Flails
  1669 | D:3      | Reached skill level 4 in Armour
  1692 | D:3      | Reached XP level 5. HP: 30/33 MP: 5/5
  1916 | D:3      | Noticed Bull's ghost (average MiFi)
  1940 | D:3      | HP: 8/34 [Bull's ghost (4)]
  1945 | D:3      | Slain by Bull's ghost

Vault maps used:
D:1:      dpeg_arrival_chase, evilmike_ruin_ashenzari
D:2:      first_bread, uniq_natasha
D:3:      lemuel_tele_altar, uniq_grinder, uniq_terence

Action                   |  1- 3 |  4- 6 || total
-------------------------+-------+-------++-------
Melee: Flail             |   158 |    98 ||   256
  Eat: Chunk             |     2 |       ||     2
       Bread ration      |       |     1 ||     1

Vault maps used:
D:1:      dpeg_arrival_chase, evilmike_ruin_ashenzari
D:2:      first_bread, uniq_natasha
D:3:      lemuel_tele_altar, uniq_grinder, uniq_terence

Table legend:
 A = Turns spent in this place as a percentage of turns spent in the entire game.
 B = Non-inter-level travel turns spent in this place as a percentage of non-inter-level travel turns spent in the entire game.
 C = Inter-level travel turns spent in this place as a percentage of turns spent in this place.
 D = Turns resting spent in this place as a percentage of non-inter-level travel turns spent in this place.
 E = Turns spent auto-exploring this place as a percentage of non-inter-level travel turns spent in this place.
 F = Non-inter-level travel turns spent in this place divided by the number of levels of this place that you've seen.
                   A       B       C       D       E      F
               +-------+-------+-------+-------+-------+----------------------
         Total | 100.0 | 100.0 |   0.3 |   0.6 |  10.9 | 210.7
       Dungeon | 100.0 | 100.0 |   0.3 |   0.6 |  10.9 | 210.7
               +-------+-------+-------+-------+-------+----------------------

Table legend:
 A = Kills in this place as a percentage of kills in entire the game.
 B = Kills by you in this place as a percentage of kills by you in the entire game.
 C = Kills by friends in this place as a percentage of kills by friends in the entire game.
 D = Other kills in this place as a percentage of other kills in the entire game.
 E = Experience gained in this place as a percentage of experience gained in the entire game.
 F = Experience gained in this place divided by the number of levels of this place that you have seen.
                   A       B       C       D       E      F
               +-------+-------+-------+-------+-------+----------------------
         Total | 100.0 | 100.0 |  -nan |  -nan | 100.0 |  63.7
       Dungeon | 100.0 | 100.0 |  -nan |  -nan | 100.0 |  63.7
               +-------+-------+-------+-------+-------+----------------------
